 Dungeon Crawl Stone Soup version 0.31-a0-840-g6d2ecbb638 (webtiles) character file.

Game seed: 11266920168544884786

3199 Ethylacetat the Mimic (level 9, -4/60 (61) HPs)
             Began as an Octopode Gladiator on Sept 27, 2023.
             Was an Initiate of Gozag.
             Slain by a steam dragon (11 damage)
             ... on level 8 of the Dungeon.
             The game lasted 00:15:07 (6213 turns).

Ethylacetat the Mimic (Octopode Gladiator)          Turns: 6213, Time: 00:15:08

HP:   -4/60 (61)    AC:  1    Str: 11    XL:     9   Next: 96%
MP:   9/9           EV: 16    Int: 10    God:    Gozag
Gold: 710           SH:  0    Dex: 18    Spells: 8/8 levels left

rFire   . . .        m - +3 dagger (venom)
rCold   + + .        (no shield)
rNeg    . . .        a - +0 hat
rPois   .            y - amulet of regeneration
rElec   .            p - ring of protection from cold
rCorr   .            (no ring)
SInv    .            (no ring)
Will    .....        (no ring)
Stlth   ++++         (no ring)
HPRegen 1.10/turn    (no ring)
MPRegen 0.11/turn    (no ring)
                     (no ring)

%: no passive effects
@: lightly drained
A: almost no armour, amphibious, 8 rings, camouflage 1, gelatinous body 1,
(nimble swimmer 1), tentacles, cold resistance 1, weak 1
a: Renounce Religion, Potion Petition, Call Merchant, Bribe Branch


You were on level 8 of the Dungeon.
You worshipped Gozag.
Gozag was pleased with you.
You visited 2 branches of the dungeon, and saw 9 of its levels.

You collected 741 gold pieces.
You paid 31 gold pieces to Gozag.

Inventory:

Hand Weapons
 m - a +3 dagger of venom (weapon)
Missiles
 b - 3 throwing nets
 c - 4 javelins
 u - 4 curare-tipped darts (quivered)
Armour
 a - a +0 hat (worn)
Jewellery
 p - a ring of protection from cold (left tentacle)
 y - an amulet of regeneration (around mantle)
 C - the ring "Puonomorr" {*Slow rElec rCorr Int+6 Slay+2}
   (You found it on level 7 of the Dungeon)

   [ring of intelligence]

   Int+6:     It affects your intelligence (+6).
   Slay+2:    It affects your accuracy & damage with ranged weapons and melee
   (+2).
   rElec:     It insulates you from electricity.
   rCorr:     It protects you from acid and corrosion.
   *Slow:     It may slow you when you take damage.
Talismans
 r - a granite talisman
Wands
 s - a wand of polymorph (13)
 t - a wand of charming (11)
Scrolls
 f - 9 scrolls of identify {unknown}
 i - a scroll of amnesia {unknown}
 j - a scroll of fog {unknown}
 n - a scroll of summoning {unknown}
 o - 2 scrolls of teleportation
 q - a scroll of fear {unknown}
 w - a scroll of silence {unknown}
 x - a scroll of enchant weapon {unknown}
 D - a scroll of enchant armour {unknown}
 E - a scroll of immolation {unknown}
Potions
 d - 3 potions of curing
 h - a potion of haste
 l - a potion of attraction
 v - a potion of enlightenment
 B - a potion of might {unknown}


   Skills:
 - Level 5.5 Fighting
 - Level 3.0 Short Blades
 - Level 2.0 Throwing
 - Level 5.9 Dodging
 - Level 3.1 Stealth
 - Level 4.8 Unarmed Combat
 * Level 9.2 Shapeshifting


You had 8 spell levels left.
You didn't know any spells.
Your spell library contained the following spells:

 Spells                   Type           Power      Damage    Failure   Level
 Foxfire                  Conj/Fire      0%         2x1d4     36%         1
 Kiss of Death            Conj/Necr      0%         2d5       36%         1
 Magic Dart               Conj           0%         1d3       36%         1
 Necrotise                Necr           0%         1d4       36%         1
 Call Imp                 Summ           0%         N/A       50%         2
 Cigotuvi's Dreadful Rot  Necr/Pois/Air  0%         N/A       50%         2
 Scorch                   Fire           0%         2d5       50%         2
 Searing Ray              Conj           0%         2d4       50%         2
 Wereblood                Tmut           0%         N/A       50%         2
 Confusing Touch          Hex            0%         N/A       75%         3
 Dazzling Flash           Conj/Hex       0%         N/A       75%         3
 Mephitic Cloud           Conj/Pois/Air  0%         N/A       75%         3
 Vampiric Draining        Necr           0%         2d6       75%         3
 Volatile Blastmotes      Fire/Tloc      0%         2d10      75%         3
 Dispel Undead            Necr           0%         3d6       98%         4
 Flame Wave               Conj/Fire      0%         2d4       98%         4
 Fulminant Prism          Conj/Hex       0%         3d5       98%         4
 Leda's Liquefaction      Hex/Erth       0%         N/A       98%         4
 Agony                    Necr           0%         N/A       100%        5
 Irradiate                Conj/Tmut      0%         3d11      100%        5
 Lee's Rapid Deconstruct  Erth           0%         3d4*      100%        5
 Bombard                  Conj/Erth      0%         9d1       100%        6
 Death Channel            Necr           0%         N/A       100%        6
 Plasma Beam              Fire/Air       0%         2x1d10    100%        6
 Starburst                Conj/Fire      0%         6d3       100%        6
 Summon Cactus Giant      Summ           0%         N/A       100%        6
 Maxwell's Capacitive Co  Air            0%         ∞         100%        8


Dungeon Overview and Level Annotations

Branches:
Dungeon (8/15)             Temple (1/1) D:4
   Lair: D:8-11

Altars:
Ashenzari
Cheibriados
Dithmenos
Elyvilon
Fedhas
Gozag
Hepliaklqana
Kikubaaqudgha
Makhleb
Nemelex Xobeh
Okawaru
Qazlal
Ru
Sif Muna
Trog
Uskayaw
Vehumet
Wu Jian
Xom
Yredelemnul
Zin
The Shining One

Annotations:
D:6 1 runed translucent door, Heedrag's ghost, novice GrEE


Innate Abilities, Weirdness & Mutations

You cannot wear most types of armour.
You are amphibious.
You can wear up to eight rings at the same time.
Your skin changes colour to match your surroundings (Stealth+).
Your rubbery body absorbs attacks. (AC +1, EV +1)
((You are camouflaged when in or above water. (Stealth+)))
You have tentacles for arms and can constrict up to eight enemies at once.
Your flesh is cold resistant. (rC+)
You are weak. (Str -2)


Message History

You start resting.
HP restored.
You hear the faint creaking of a portcullis very nearby.
A steam dragon comes into view.
The steam dragon hisses angrily.
The steam dragon bites you. The steam dragon claws you.
You hit the steam dragon but do no damage.
You squeeze the steam dragon, but do no damage.
You hit the steam dragon. You squeeze the steam dragon.
The steam dragon is lightly wounded.
You hit the steam dragon.
The steam dragon is poisoned.
The steam dragon is moderately wounded.
The steam dragon bites you but does no damage.
The steam dragon claws you.
You hit the steam dragon.
The steam dragon looks as sick as possible!
Your squeeze misses the steam dragon.
The steam dragon is heavily wounded.
The steam dragon breathes steam at you. The ball of steam hits you!
You hit the steam dragon.
The steam dragon is heavily wounded.
You are engulfed in a cloud of scalding steam.
The steam dragon misses you. The steam dragon claws you.
You hit the steam dragon. You tentacle-slap the steam dragon.
The steam dragon is severely wounded.
You are engulfed in a cloud of scalding steam.
* * * LOW HITPOINT WARNING * * *
The steam dragon breathes steam at you. The ball of steam hits you!
* * * LOW HITPOINT WARNING * * *
You hit the steam dragon but do no damage.
The steam dragon looks as sick as possible!
You squeeze the steam dragon, but do no damage.
The steam dragon is severely wounded.
You are engulfed in a cloud of scalding steam.
* * * LOW HITPOINT WARNING * * *
The steam dragon bites you!
You die...
Your body crumbles into a pile of gold.

#.####.......#.#
#............#.#
######..........
#.......#
#.......#.#
###.......#
###.##..#
#########§## .#
#...D@.§.§.#
#.#######§.#
##..### #.....#
#######


You could see a steam dragon (extremely poisoned).

Vanquished Creatures
  Grinder (D:5)
  Eustachio (D:5)
  A steam dragon (D:7)
  Menkaure (D:5)
  A water moccasin (D:7)
  2 ice beasts (D:7)
  An orc warrior (D:6)
  2 sky beasts (D:7)
  A black bear (D:4)
  A centaur (D:5)
  2 phantoms
  4 bullfrogs
  5 wights (D:7)
  8 killer bees
  A howler monkey (D:4)
  2 jellies (D:2)
  3 hounds (D:5)
  3 orc priests
  Natasha (thrice) (D:4)
  3 iguanas
  5 sleepcaps
  2 orc wizards
  2 gnolls
  10 adders
  2 shadow imps
  3 white imps
  A worm (D:2)
  3 dart slugs
  19 orcs
  15 endoplasms
  4 giant cockroaches
  6 goblins
  6 hobgoblins
  13 jackals
  4 quokkas
  6 ball pythons
  4 bats (D:1)
  3 frilled lizards
  12 kobolds
  5 rats
171 creatures vanquished.

Notes
Turn   | Place    | Note
-------+----------+-------------------------------------------
     0 | D:1      | Ethylacetat the Octopode Gladiator began the quest for the
                  | Orb.
     0 | D:1      | Reached XP level 1. HP: 14/14 MP: 1/1
    34 | D:1      | You fall into a shaft and drop 1 floor!
    79 | D:1      | Reached XP level 2. HP: 20/20 MP: 2/2
   203 | D:1      | Reached XP level 3. HP: 25/25 MP: 3/3
   616 | D:2      | Reached XP level 4. HP: 18/30 MP: 4/4
   692 | D:2      | Identified the +5 whip of Equilibrium {drain, rN+}
   860 | D:2      | Reached XP level 5. HP: 5/36 MP: 5/5
  2208 | D:3      | Reached skill level 1 in Stealth
  2483 | D:3      | Noticed a phantom
  2499 | D:3      | Killed a phantom
  2500 | D:3      | Reached skill level 1 in Short Blades
  2500 | D:3      | Reached XP level 6. HP: 22/43 MP: 6/6
  2726 | D:3      | Found a faded altar of an unknown god.
  3006 | D:4      | Noticed a black bear
  3012 | D:4      | Killed a black bear
  3019 | D:4      | Reached XP level 7. HP: 36/49 MP: 7/7
  3293 | D:4      | Noticed Natasha
  3295 | D:4      | Found a staircase to the Ecumenical Temple.
  3299 | D:4      | Reached skill level 5 in Dodging
  3305 | D:4      | Killed Natasha
  3306 | D:4      | Reached skill level 1 in Shapeshifting
  3311 | Temple   | Entered the Ecumenical Temple
  3354 | Temple   | Became a worshipper of Gozag Ym Sagoz the Greedy
  3737 | D:4      | Noticed Natasha
  3746 | D:4      | Killed Natasha
  3754 | D:4      | Noticed Natasha
  3759 | D:4      | Killed Natasha
  3802 | D:5      | Entered Level 5 of the Dungeon
  3831 | D:5      | Reached skill level 2 in Shapeshifting
  3932 | D:5      | Noticed Eustachio
  3944 | D:5      | Killed Eustachio
  3945 | D:5      | Reached skill level 5 in Fighting
  3945 | D:5      | Reached XP level 8. HP: 55/55 MP: 8/8
  3990 | D:5      | Noticed Menkaure
  4000 | D:5      | Killed Menkaure
  4001 | D:5      | Reached skill level 3 in Shapeshifting
  4398 | D:5      | Noticed Grinder
  4406 | D:5      | Paralysed by Grinder for 2 turns
  4416 | D:5      | Killed Grinder
  4417 | D:5      | Reached skill level 4 in Shapeshifting
  4895 | D:6      | Reached skill level 5 in Shapeshifting
  4898 | D:6      | Reached XP level 9. HP: 30/59 MP: 9/9
  4964 | D:6      | Noticed a +0 hand axe
  4964 | D:6      | Noticed a +0 hand axe
  4969 | D:6      | Found a hide-covered altar of Uskayaw.
  5083 | D:6      | Found a runed translucent door.
  5084 | D:6      | Noticed Heedrag's ghost (novice GrEE)
  5149 | D:6      | Found a runed translucent door.
  5169 | D:6      | Reached skill level 6 in Shapeshifting
  5224 | D:6      | Found a shadowy altar of Dithmenos.
  5230 | D:6      | Found a sparkling altar of Nemelex Xobeh.
  5231 | D:6      | Found an ornate altar of the Wu Jian Council.
  5232 | D:6      | Found a shimmering blue altar of Sif Muna.
  5232 | D:6      | Found a broken altar of Ashenzari.
  5233 | D:6      | Found a snail-covered altar of Cheibriados.
  5238 | D:6      | Found an iron altar of Okawaru.
  5434 | D:7      | Identified the ring "Puonomorr" {*Slow rElec rCorr Int+6
                  | Slay+2}
  5450 | D:7      | Reached skill level 7 in Shapeshifting
  5532 | D:7      | Found a basalt altar of Yredelemnul.
  5626 | D:7      | Identified the +4 battleaxe of Anger {drain, *Slow rF-
                  | Str+8 Dex+3}
  5796 | D:7      | Reached skill level 8 in Shapeshifting
  5895 | D:7      | Gained mutation: Your flesh is cold resistant. (rC+)
                  | [potion of mutation]
  5895 | D:7      | Gained mutation: You are weak. (Str -2) [potion of
                  | mutation]
  6056 | D:7      | Found a glowing silver altar of Zin.
  6056 | D:7      | Found a glowing golden altar of the Shining One.
  6056 | D:7      | Found a white marble altar of Elyvilon.
  6140 | D:8      | Reached skill level 9 in Shapeshifting
  6213 | D:8      | Slain by a steam dragon

Illustrated notes

Levels and vault maps discovered:
D:1:      mrwooster_arrival_statue_2, layout_basic
D:2:      cheibrodos_fertilizer, layout_basic,
          hangedman_abyss_or_decor_lesser_grid
D:3:      kb_forest_paths, layout_basic,
          shapermc_ecumenical_altar_mp_urbaneastern, serial_bayou_crossing
D:4:      layout_loops_ring, minmay_temple_entry_trees, uniq_natasha
D:5:      layout_loops_ring, minmay_misc_feat_enclosed, uniq_menkaure,
          uniq_eustachio, uniq_grinder
D:6:      layout_basic, dancing_weapons_uskayaw,
          nicolae_overflow_hallway_of_the_gods, ebering_ghost_sewer_f,
          st_stairs_4, minmay_puff
D:7:      layout_basic, dreamdust_divine_triumvirate, general_overflow_altar
D:8:      erik_cavepeople, layout_loops_corners, enter_bailey_2
Temple:   cyrus_temple_forest

Skill      XL: |  1  2  3  4  5  6  7  8  9 |
---------------+----------------------------+-----
Fighting       | 3 4 5 |  5.5
Dodging        | 4 5 |  5.9
Unarmed Combat | 4 |  4.8
Stealth        | 1 3 |  3.1
Short Blades   | 1 2 3 |  3.0
Shapeshifting  | 2 5 9 |  9.2
Throwing       | |  2.0

Action                     |  1- 3 |  4- 6 |  7- 9 || total
---------------------------+-------+-------+-------++-------
  Melee: Unarmed           |    59 |     4 |     3 ||    66
         Tentacles         |    18 |    33 |    67 ||   118
         Constrict         |    17 |    29 |    45 ||    91
         Punch             |     1 |     4 |    14 ||    19
         Whip              |       |    53 |       ||    53
         Dagger            |       |    92 |   272 ||   364
  Throw: Dart              |       |       |    10 ||    10
    Use: Potion            |       |       |    10 ||    10
         Scroll            |       |       |     1 ||     1
   Stab: Sleeping          |     5 |    11 |    12 ||    28
         Distracted        |       |       |     2 ||     2
 Armour: Skin              |    23 |    47 |   134 ||   204
  Dodge: Dodged            |    44 |    80 |   144 ||   268
  Block: Other             |       |    18 |    19 ||    37

Table legend: (Time is in decaauts)
 A = Elapsed time spent in this place.
 B = Non-inter-level travel time spent in this place.
 C = Inter-level travel time spent in this place.
 D = Time resting spent in this place.
 E = Time spent auto-exploring this place.
 F = Levels seen in this place.
 G = Mean time per level.
                   A        B        C        D        E       F      G
               +--------+--------+--------+--------+--------+-----+--------+
         Total |   6164 |   5944 |    220 |    167 |   4330 |   9 |  684.9 |
       Dungeon |   6073 |   5893 |    180 |    167 |   4330 |   8 |  759.1 |
        Temple |     91 |     51 |     40 |      0 |      0 |   1 |   91.0 |
               +--------+--------+--------+--------+--------+-----+--------+

Top non-repeatable levels by time:
     D:3: 1228 daAuts
     D:2: 1011 daAuts
     D:4: 958 daAuts
     D:5: 931 daAuts
     D:7: 773 daAuts
     D:6: 536 daAuts
     D:1: 514 daAuts
     D:8: 119 daAuts
  Temple: 91 daAuts
